Description

Terran versus Protoss 1-1-1 Push

This is a good build order that I've been playing in my TvP's. In the Build order video you'll see Maru versus Showtime as a replay where we go over the Build!

You'll see the power of the Terran when the simple build is properly executed, as well how to branch off from it.

VOD

https://youtu.be/d18329JN4gw

Build Order

Get SALT Encoding   

  16  0:40  Barracks  
  16  0:44  Refinery  
  17  0:55  Refinery  
  20  1:27  Reaper, Orbital Command  
  20  1:33  Supply Depot  
  20  1:42  Factory  
  23  2:20  Command Center  
  23  2:27  Starport  
  26  2:34  Factory Tech Lab  
  24  2:37  Supply Depot  
  26  2:43  Marine x2  
  26  3:02  Cyclone, Marine x2  
  34  3:10  Medivac  
  43  3:37  Siege Tank  
  46  3:44  Orbital Command  
  46  3:50  Viking  
  52  4:14  Siege Tank  
  57  4:26  Viking  
Spawning Tool Build Advisor. Get it on Overwolf

Go to:

Details

  • Created by: PrestigeTV
  • Published on: Oct 28, 2022
  • Modified on: Oct 30, 2022
  • Patch: 4.11.0
  • Difficulty: Easy
Show
View Real Time Build Order
Export as new Build Order

Comments (1)

On Jan. 14, 2023, 10:11 p.m., Patches  said:

Build order missing reactor, otherwise good, ty :)

Create an account to comment!